 Dungeon Crawl Stone Soup version 0.29.1-12-g30fa7ad0bf (webtiles) character file.

Game seed: 18438282442965984587

8 H0rd4k the Charlatan (level 2, -2/18 HPs)
             Began as an Octopode Artificer on Dec 20, 2022.
             Frozen to death by an endoplasm (4 damage)
             ... on level 1 of the Dungeon.
             The game lasted 00:00:25 (390 turns).

H0rd4k the Charlatan (Octopode Artificer)            Turns: 390, Time: 00:00:26

Health: -2/18      AC:  1    Str: 11    XL:     2   Next: 8%
Magic:  1/3        EV: 13    Int: 13    God:
Gold:   0          SH:  0    Dex: 12    Spells: 2/2 levels left

rFire   . . .      SeeInvis .   (no weapon)
rCold   . . .      Faith    .   (no shield)
rNeg    . . .      Spirit   .   (helmet restricted)
rPois   .          Reflect  .   (no amulet)
rElec   .          Harm     .   (no ring)
rCorr   .          Rampage  .   (no ring)
Will    .....                   (no ring)
Stlth   +++.......              (no ring)
HPRegen 0.06/turn               (no ring)
MPRegen 0.08/turn               (no ring)
                                (no ring)
                                (no ring)

@: no status effects
A: almost no armour, amphibious, 8 rings, camouflage 1, gelatinous body 1,
(nimble swimmer 1), tentacles
a: no special abilities


You were on level 1 of the Dungeon.
You visited 1 branch of the dungeon, and saw 1 of its levels.

Inventory:

Wands
 b - a wand of flame (14) (quivered)
 c - a wand of charming (14)
 d - a wand of iceblast (5)
Scrolls
 a - a scroll of identify {unknown}


   Skills:
 * Level 1.5 Fighting
 - Level 2.3 Dodging
 - Level 1.3 Stealth
 + Level 0.3 Unarmed Combat
 * Level 0.8 Spellcasting
 - Level 3.2 Evocations


You had 2 spell levels left.
You didn't know any spells.
Your spell library was empty.

Dungeon Overview and Level Annotations

Branches:
Dungeon (1/15)

Altars:


Innate Abilities, Weirdness & Mutations

You cannot wear most types of armour.
You are amphibious.
You can wear up to eight rings at the same time.
Your skin changes colour to match your surroundings (Stealth+).
Your rubbery body absorbs attacks. (AC +1, EV +1)
((You are camouflaged when in or above water. (Stealth+)))
You have tentacles for arms and can constrict up to eight enemies at once.


Message History

The hobgoblin is severely wounded.
You constrict the hobgoblin.
You kill the hobgoblin!
The endoplasm barely misses you.
The endoplasm completely misses the plant.
Things that are here:
a +0 dagger; a hobgoblin corpse You tentacle-slap the plant but do no damage.
You grab the plant.
The plant begins to die.
You squeeze the plant.
The plant is lightly damaged.
You constrict the plant. The endoplasm freezes you.
You are frozen.
The rat bites the plant.
The endoplasm hits the plant.
You tentacle-slap the plant.
The plant is lightly damaged.
You constrict the plant.
The rat bites the plant.
The endoplasm closely misses you.
The endoplasm hits the plant.
You release your grip on the plant.
The endoplasm hits the plant.
You tentacle-slap the endoplasm.
The endoplasm is moderately wounded.
A nearby plant withers and dies.
The endoplasm freezes you.
You are frozen.
You tentacle-slap the endoplasm.
The endoplasm is heavily wounded.
The endoplasm freezes you.
You are frozen.
* * * LOW HITPOINT WARNING * * *
You tentacle-slap the endoplasm.
The endoplasm is almost dead.
The endoplasm freezes you.
You are frozen.
* * * LOW HITPOINT WARNING * * *
Aiming: Charm
Press: ? - help, Shift-Dir - straight line, f - endoplasm
Aim: an endoplasm (almost dead, chance to affect: 73%)
The endoplasm struggles to resist.
The endoplasm freezes you.
You are frozen.
You die...

# ## .# ..
.## ####.
... ..PP..
###.#
.~~~~P# #...
~~~..KJ###†#
≈~≈~.grJ@..#
≈≈~.~.♣###.#
~~~~~ #.#
~~(~
#.#####.#
P..
#.......# ##
###.#####
#.# #.# #.#


You could see 2 endoplasms, a goblin, a kobold and a rat.

Vanquished Creatures
  A dart slug (D:1)
  A goblin (D:1)
  A hobgoblin (D:1)
  2 ball pythons (D:1)
  2 bats (D:1)
7 creatures vanquished.

Vanquished Creatures (others)
  A plant (D:1)
1 creature vanquished.

Grand Total: 8 creatures vanquished

Notes
Turn   | Place    | Note
-------+----------+-------------------------------------------
     0 | D:1      | H0rd4k the Octopode Artificer began the quest for the Orb.
     0 | D:1      | Reached XP level 1. HP: 13/13 MP: 1/1
    49 | D:1      | Found a faded altar of an unknown god.
   382 | D:1      | Reached XP level 2. HP: 14/18 MP: 1/3
   390 | D:1      | Frozen to death by an endoplasm

Illustrated notes

Levels and vault maps discovered:
D:1:      minmay_arrival_jagged, layout_loops_ring,
          nicolae_ecumenical_lake_church, serial_bayou_pond_b

Action                   || total
-------------------------++-------
Melee: Unarmed           ||    14
       Constrict         ||     3
       Tentacles         ||     2
Evoke: Wand              ||     2
 Stab: Sleeping          ||     2
Armor: Skin              ||     1
Dodge: Dodged            ||    10
